← All builds
Tech / Armada / Economy first / OBSERVED BUILD

Sharpshooter snipers

Armada Tech (Eco) build order · Supreme Isthmus

Standard T2 rush into an early Sharpshooter-led sniper bot push around 8:10-8:38, pairing T2 constructor support for Geo with sniper bots fighting at the middle rather than just economy scaling.

Usually first T2 con to Geo (81%)

#t2 #raid · 98 distinct matches · 50 players · 3% of Armada Tech games · team won 26% of 99 · Recently observed

THE CATCH, AND WHAT COMES WITH IT
  • SharpshooterT2 bot snipers from 8:10 · 6% of role by thenFrom the Advanced Bot Lab. Only 6% of Tech games have it by then; others who build it get it around 9:04

Where those units first fight, in 97 games with kill data: in the middle 55%, on their own side 45%.

Those units destroy a typical 1,385 metal of enemy units by 15:00.

Then transitions into anti-nuke (13% of army).

HOW TO PLAY IT

Key timing: Sharpshooter out by 9:04

  1. Open standard T2 rush with Bot Lab first.
  2. Finish Advanced Bot Lab on the normal T2 timing.
  3. Upgrade mex as usual while eco scales.
  4. Push Sharpshooter snipers from Advanced Bot Lab to fight forward in middle.
  5. Keep producing T2 cons and anti-nuke for the team.

Phase by phase

TYPICAL OF ITS 98 GAMES · AGAINST STANDARD TECH
  1. 1
  2. 2
  3. 3
  4. 4
  5. 5
PLAY THE OPENING

Follow the example game's first 9:10 step by step: what to build now, what comes next, and where it goes. At 1× it keeps pace with your own game.

  1. 1

    Up to the Bot Lab

    Economy
    • Metal Extractor3Mex
    • Wind Turbine4Wind
    Order
    1. Bot LabBot Lab after 3 mex, 4 winddone ~1:17, middle half 1:13–1:38

    Some games also: energy storage (37%)

    By 1:00 in all: 3 mex · 4 wind

    The example game in this phase · 4 steps
    1. Mex ×3
    2. Wind ×2
    3. Solar
    4. Bot LabBot Labdone 1:14 · typical 1:17
  2. 2

    Bot Lab to Advanced Bot Lab

    Economy
    • Metal Extractor1Mex
    • Wind Turbine9Wind
    • Energy Storage1Energy storage
    Order
    1. Advanced Bot LabAdvanced Bot Lab after 4 mex, 13 wind, 3 con turretdone ~4:18, middle half 4:08–4:33
    Builders
    • Construction Turret3 Con turret
    • Lazarus3 Lazarus
    • Construction Bot2 Con bot
    • Construction Bot1 Con bot for allies

    Some games also: converter (42%)

    By 3:22 in all: 4 mex · 13 wind · 1 energy storage · 3 con turret

    The example game in this phase · 19 steps
    1. Wind
    2. Construction BotCon botfor Air
    3. Wind
    4. Construction BotCon bot
    5. Wind ×3
    6. LazarusLazarus
    7. Wind ×2
    8. LazarusLazarus
    9. Con turret
    10. Wind
    11. Mex
    12. LazarusLazarus
    13. Con turret
    14. LazarusLazarus
    15. Con turret
    16. Converter ×4
    17. Bot LabEat Bot Labreclaimed for its metal
    18. Converter
    19. Advanced Bot LabAdvanced Bot Labdone 4:05 · typical 4:18
  3. 3

    Advanced Bot Lab to 5:00

    Economy
    • Wind Turbine1Wind−2 vs standard
    Order
    1. Bot LabEat Bot Lab
    Builders
    • Advanced Construction Bot1 T2 con bot for allies

    Some games also: converter (43%)

    By 5:00 in all: 4 mex · 15 wind · 2 converter · 1 energy storage · 3 con turret

    The example game in this phase · 2 steps
    1. Advanced Construction BotT2 con bot ×2for Geo
    2. Advanced Metal ExtractorT2 mexdone 5:02 · typical 5:17
  4. 4

    5:00 to T2 bot snipers

    Economy
    • Wind Turbine16Wind+5 vs standard
    • Energy Converter1Converter
    Order
    1. SharpshooterT2 bot snipers after 4 mex, 31 wind, 5 converterdone ~8:38, middle half 7:40–9:45
    Builders
    • Butler4 Butler
    • Advanced Construction Bot3 T2 con bot for allies

    Some games also: T2 con bot (35%)

    By 8:10 in all: 4 mex · 31 wind · 5 converter (standard 3) · 1 energy storage · 3 con turret

    The example game in this phase · 36 steps
    1. Wind ×3
    2. Advanced Metal ExtractorT2 mex
    3. Wind
    4. Advanced Metal ExtractorT2 mex ×2
    5. ButlerButler
    6. Wind
    7. ButlerButler
    8. Wind
    9. ButlerButler
    10. Wind ×2
    11. ButlerButler
    12. Advanced solar
    13. Wind
    14. ButlerButler
    15. Wind
    16. Energy storage
    17. Wind
    18. ButlerButler
    19. Wind
    20. ButlerButler
    21. Energy storage
    22. Wind
    23. ButlerButler
    24. Energy storage
    25. Wind
    26. ButlerButler
    27. Wind ×2
    28. Advanced Construction BotT2 con botfor Geo sea
    29. Converter ×2
    30. Wind ×2
    31. Converter
    32. Wind
    33. Converter
    34. Wind ×2
    35. Advanced Construction BotT2 con bot
    36. SharpshooterSniper botdone 8:46 · typical 8:38
  5. 5

    T2 bot snipers to 10:00

    Economy
    • Wind Turbine19Wind−11 vs standard
    Army
    • Sharpshooter1 Sniper bot

    Some games also: converter (47%) · Butler (45%) · T2 con bot for allies (42%)

    The standard build makes here, this one skips: 4 converter · 5 Butler

    By 10:00 in all: 4 mex · 54 wind · 7 converter · 1 energy storage · 3 con turret

    The example game in this phase · 257 steps
    1. Converter
    2. Wind ×3
    3. Converter
    4. Wind ×2
    5. Converter
    6. Wind ×2
    7. Converter
    8. Wind ×2
    9. Converter
    10. Wind ×2
    11. SharpshooterSniper bot
    12. Converter ×2
    13. Wind ×4
    14. Converter
    15. Wind
    16. Converter
    17. Wind ×4
    18. Converter
    19. Wind
    20. Converter
    21. SharpshooterSniper bot
    22. Wind ×2
    23. Converter
    24. Wind
    25. Converter
    26. Advanced Construction BotT2 con botfor Beach sea
    27. Wind ×3
    28. Converter
    29. Wind
    30. Converter
    31. Wind
    32. ButlerButler
    33. Wind ×2
    34. Converter
    35. Wind
    36. Converter
    37. ButlerButler
    38. Wind ×2
    39. Converter
    40. Wind ×2
    41. ButlerButler
    42. Converter ×2
    43. Wind ×2
    44. ButlerButler
    45. Wind
    46. Converter
    47. Wind
    48. Converter
    49. Wind
    50. ButlerButler
    51. Wind
    52. Converter
    53. Wind
    54. ButlerButler
    55. Converter
    56. Wind
    57. ButlerButler
    58. Wind ×2
    59. Converter
    60. Wind ×2
    61. Converter
    62. Wind
    63. Converter
    64. Wind ×4
    65. Converter
    66. Wind
    67. Converter
    68. Wind ×2
    69. Converter
    70. Wind ×2
    71. Converter
    72. Wind ×3
    73. Converter ×2
    74. Wind ×3
    75. Converter
    76. Wind ×2
    77. Converter
    78. Wind ×4
    79. Converter
    80. Con turret
    81. Wind ×6
    82. Converter
    83. Wind ×4
    84. Converter
    85. Wind
    86. Con turret
    87. Wind ×3
    88. PlatypusPlatypus
    89. Wind ×3
    90. Converter
    91. Wind ×2
    92. Con turret
    93. Wind
    94. Converter
    95. Wind ×6
    96. Con turret
    97. PlatypusPlatypus
    98. Converter
    99. Wind ×3
    100. Converter
    101. Wind
    102. Con turret
    103. Wind ×6
    104. Con turret
    105. PlatypusPlatypus
    106. Wind ×2
    107. Converter
    108. Wind
    109. Con turret
    110. Converter
    111. Wind ×3
    112. Con turret
    113. Wind ×2
    114. Con turret
    115. Wind ×3
    116. PlatypusPlatypus
    117. Wind
    118. Con turret
    119. Converter
    120. Wind ×5
    121. PlatypusPlatypus
    122. Wind
    123. Con turret
    124. Wind ×7
    125. Converter
    126. Wind ×2
    127. PlatypusPlatypus
    128. Wind ×8
    129. PlatypusPlatypus
    130. Wind
    131. Converter
    132. Wind ×6
    133. PlatypusPlatypus
    134. Wind ×5
    135. PlatypusPlatypus
    136. Wind
    137. Converter
    138. Wind ×6
    139. PlatypusPlatypus
    140. Wind ×4
    141. Converter
    142. Wind
    143. PlatypusPlatypus
    144. Wind ×7
    145. PlatypusPlatypus
    146. Converter
    147. Wind ×2
    148. Converter
    149. Wind
    150. PlatypusPlatypus
    151. Wind ×6
    152. PlatypusPlatypus
    153. Converter
    154. Wind ×2
    155. Converter
    156. Wind ×6
    157. PlatypusPlatypus
    158. Wind ×3
    159. Converter
    160. Wind
    161. Converter
    162. Wind ×4
    163. PlatypusPlatypus
    164. Wind ×2
    165. Converter
    166. Wind ×5
    167. Converter
    168. PlatypusPlatypus
    169. Wind ×5
    170. Converter
    171. Wind ×4
    172. PlatypusPlatypus
    173. Wind ×3
    174. Converter
    175. Wind ×2
    176. PlatypusPlatypus
    177. Wind ×3
    178. Converter
    179. Wind ×2
    180. PlatypusPlatypus
    181. Converter
    182. Wind ×6
    183. Converter
    184. PlatypusPlatypus
    185. Wind ×5
    186. PlatypusPlatypus
    187. Wind ×2
    188. Converter
    189. Wind
    190. PlatypusPlatypus
    191. Converter
    192. Wind ×4
    193. PlatypusPlatypus
    194. Wind ×3
    195. PlatypusPlatypus
    196. Wind
    197. Converter
    198. Wind
    199. Converter
    200. PlatypusPlatypus
    201. Wind ×4
    202. PlatypusPlatypus
    203. Wind ×3
    204. PlatypusPlatypus
    205. Wind ×4
    206. Converter
    207. Wind
    208. Converter
    209. PlatypusPlatypus
    210. Converter
    211. Wind ×4
    212. PlatypusPlatypus
    213. Converter
    214. Wind ×3
    215. Converter
    216. Wind
    217. Converter
    218. Wind
    219. Converter ×2
    220. Wind
    221. PlatypusPlatypus
    222. Converter
    223. Wind ×4
    224. Converter
    225. Wind ×4
    226. Converter
    227. PlatypusPlatypus
    228. Wind
    229. Converter
    230. Wind
    231. Converter
    232. Wind ×5
    233. Converter
    234. Wind ×2
    235. Converter ×2
    236. Wind ×3
    237. Converter
    238. Wind
    239. PlatypusPlatypus
    240. Converter
    241. Wind ×5
    242. Converter
    243. Wind
    244. Converter
    245. Wind ×2
    246. Converter
    247. Wind ×3
    248. PlatypusPlatypus
    249. Converter
    250. Wind
    251. Advanced Construction BotT2 con bot
    252. Converter
    253. Wind ×2
    254. Converter
    255. Wind ×3
    256. Converter
    257. Wind

Counts are medians over the build's games: half of them build more, half fewer. The example game is El_Turco's (31 OS, 16/09/2026); pick another.

Team trades

IN AT LEAST 30% OF ITS GAMES

You hand over

  • Construction Bot1 Con bot to Airfirst at 2:24 · in 89% of games
  • Advanced Construction Bot5 T2 con bot to Geo sea or Air or Pondfirst at 4:59 · in 100% of games
  • Butler2 Butler to Geo sea or Beach seafirst at 10:30 · in 36% of games

You get

  • Hercules2 Light transport from Airfirst at 4:05 · in 88% of games

How it plays out

Typical game of this build against the role’s standard build, running totals by minute

  • This build
  • Standard tech

Metal produced

020k40k
0:005:0010:0015:00

metal

Enemy metal destroyed

01k2k3k
0:005:0010:0015:00

metal

Own metal lost

05001k
0:005:0010:0015:00

metal

99 games.

Show as table
ByMetal produced: This buildMetal produced: Standard techEnemy metal destroyed: This buildEnemy metal destroyed: Standard techOwn metal lost: This buildOwn metal lost: Standard tech
1:003833830000
2:009139150000
3:00160316520000
4:00309831440000
5:00486948480000
6:00595357990000
7:00751272270000
8:00930490650000
9:0011440111800000
10:001379313520183000
11:0016225162426500740
12:001895519652101401300
13:002217423430153803210
14:0026192272861801068074
15:0029993315032494108832130
WHAT THE NUMBERS SAY

Won far less often than the standard build, losing a lot more metal for only a modest gain in enemy metal destroyed.

  • + Enemy metal destroyed by 15:00 well above standard (2598 vs 262).
  • − Team win rate collapses to 21% vs standard's 53%.
  • − Own metal lost by 15:00 far exceeds standard (1360 vs 196).
THE EXAMPLE YOU ARE READING

El_Turco

31.4 OS · 16/09/2026

Open source match ↗

1 received units
1102 metal received · 179159 energy received

Allied construction assistance is unknown. Timings are observations, not a promise of solo reproducibility.

Typical milestones

Bot Lab1:17Middle 50%: 1:13–1:38 · n=99
Advanced Bot Lab4:18Middle 50%: 4:08–4:33 · n=99
Advanced Metal Extractor5:17Middle 50%: 4:57–5:42 · n=99
Sharpshooter8:38Middle 50%: 7:40–9:45 · n=99

Played most by

Amrissa15games of this buildDRM6games of this buildTheGeneraI5games of this buildenderOS14games of this buildKontraption4games of this build